 Dungeon Crawl Stone Soup version 0.30-a0-878-gc727b3d3d6 (webtiles) character file.

Game seed: 5446673295169579724

100 112233 the Magician (level 4, -9/24 HPs)
             Began as a Deep Elf Fire Elementalist on Mar 12, 2023.
             Killed from afar by Ijyb (11 damage)
             ... with a puff of flame
             ... on level 3 of the Dungeon.
             The game lasted 00:02:20 (2565 turns).

112233 the Magician (Deep Elf Fire Elementalist)    Turns: 2565, Time: 00:02:21

Health: -9/24      AC:  2    Str:  5    XL:     4   Next: 47%
Magic:  7/14       EV: 12    Int: 22    God:
Gold:   94         SH:  0    Dex: 15    Spells: 12/15 levels left

rFire   . . .      SeeInvis .    k - +1 dagger (pain)
rCold   . . .      Faith    .    (no shield)
rNeg    . . .      Spirit   .    a - +0 robe
rPois   .          Reflect  .    (no helmet)
rElec   .          Rampage  .    (no cloak)
rCorr   .                        (no gloves)
Will    .....                    (no boots)
Stlth   ++                       (no amulet)
HPRegen 0.24/turn                (no ring)
MPRegen 0.14/turn                (no ring)

@: no status effects
A: no striking features
a: no special abilities


You were on level 3 of the Dungeon.
You visited 1 branch of the dungeon, and saw 3 of its levels.

You collected 94 gold pieces.

Inventory:

Hand Weapons
 k - a +1 dagger of pain (weapon)
Armour
 a - a +0 robe (worn)
Jewellery
 i - a ring of magical power
Scrolls
 e - a scroll of magic mapping {unknown}
 f - a scroll of teleportation {unknown}
 g - 3 scrolls of identify {unknown}
 l - a scroll of summoning {unknown}
Potions
 b - a potion of magic
 c - 2 potions of might {unknown}
 d - 4 potions of heal wounds {unknown}
 h - 2 potions of attraction {unknown}
 j - a potion of haste {unknown}


   Skills:
 - Level 2.6 Dodging
 - Level 2.6 Stealth
 + Level 6.0 Spellcasting
 - Level 1.3 Conjurations
 - Level 3.4 Fire Magic


You had 12 spell levels left.
You knew the following spells:

 Your Spells              Type           Power      Damage    Failure   Level
a - Foxfire               Conj/Fire      68%        2x1d7     3%          1
b - Scorch                Fire           42%        2d7       3%          2

Your spell library contained the following spells:

 Spells                   Type           Power      Damage    Failure   Level
 Freeze                   Ice            24%        1d4       9%          1
 Inner Flame              Hex/Fire       14%        N/A       14%         3
 Kindle Blastsparks       Fire/Tloc/Air  22%        2d11      17%         3
 Hailstorm                Conj/Ice       9%         3d4       21%         3
 Frozen Ramparts          Ice            12%        1d2       26%         3
 Flame Wave               Conj/Fire      17%        2d7       34%         4


Dungeon Overview and Level Annotations

Branches:
Dungeon (3/15)

Altars:

Shops:
D:1 !:

Annotations:
D:3 Ijyb


Message History

The foxfire hits the hobgoblin.
The hobgoblin is moderately wounded.
The foxfire hits the bat.
The bat is moderately wounded.
Unknown command.
Casting: Foxfire (safe; 3% risk of failure)
Confirm with . or Enter, or press ? or * to list all spells.
You conjure some foxfire!
The foxfire hits the bat.
You kill the bat!
The foxfire hits the hobgoblin.
You kill the hobgoblin!
Unknown command.
Casting: Foxfire (safe; 3% risk of failure)
Confirm with . or Enter, or press ? or * to list all spells.
You conjure some foxfire!
Ijyb grins evilly.
The foxfire hits Ijyb but does no damage. x2
Ijyb zaps a wand.
The puff of flame hits you!
Unknown command.
Casting: Foxfire (safe; 3% risk of failure)
Confirm with . or Enter, or press ? or * to list all spells.
You conjure some foxfire!
The foxfire hits Ijyb but does no damage. x2
Ijyb screams, "You nasty!
Big nasty!"
Unknown command.
Casting: Foxfire (safe; 3% risk of failure)
Confirm with . or Enter, or press ? or * to list all spells.
Flames lash Ijyb but do no damage.
Ijyb barely misses you.
Ijyb zaps a wand.
The puff of flame hits you!
* * * LOW HITPOINT WARNING * * *
Unknown command.
Casting: Scorch (safe; 3% risk of failure)
Confirm with . or Enter, or press ? or * to list all spells.
Flames lash Ijyb.
Ijyb is lightly wounded.
Ijyb's fire resistance burns away.
Ijyb hits you with a +0 dagger.
* * * LOW HITPOINT WARNING * * *
Ijyb zaps a wand.
The puff of flame hits you!
You die...

#
#########.#
#..........
#.......$..
#..........
#..@g......
#.....†....
#..........
#..........
#..........
#......[...
#..........
.......####


You could see Ijyb (combustible).

Vanquished Creatures
  An orc wizard (D:2)
  2 worms (D:2)
  3 orcs (D:2)
  4 ball pythons
  2 endoplasms
  3 giant cockroaches (D:1)
  7 goblins
  3 hobgoblins
  5 jackals
  8 kobolds
  4 quokkas (D:1)
  9 bats
  4 frilled lizards
  5 rats
60 creatures vanquished.

Vanquished Creatures (others)
  193 foxfires
193 creatures vanquished.

Grand Total: 253 creatures vanquished

Notes
Turn   | Place    | Note
-------+----------+-------------------------------------------
     0 | D:1      | 112233 the Deep Elf Fire Elementalist began the quest for
                  | the Orb.
     0 | D:1      | Reached XP level 1. HP: 10/10 MP: 6/6
    17 | D:1      | Found Muxkay's Vocational Training.
    96 | D:1      | Found Esuinos's Distillery.
   195 | D:1      | Reached XP level 2. HP: 15/15 MP: 2/8
   483 | D:1      | Found a faded altar of an unknown god.
   554 | D:1      | Learned a level 2 spell: Scorch
   693 | D:1      | Reached skill level 4 in Spellcasting
   897 | D:1      | Reached XP level 3. HP: 19/19 MP: 8/10
  1666 | D:2      | Reached skill level 5 in Spellcasting
  2154 | D:2      | Reached XP level 4. HP: 24/24 MP: 6/13
  2486 | D:2      | Reached skill level 6 in Spellcasting
  2553 | D:3      | Noticed Ijyb
  2564 | D:3      | HP: 1/24 [Ijyb/+0 dagger (4)]
  2565 | D:3      | Killed from afar by Ijyb

Illustrated notes

Levels and vault maps discovered:
D:1:      zelgadis_glass_arrival_small, layout_loops_ring, serial_shops, shop,
          hellmonk_ecumenical_altar_slurped_away, nicolae_shop_vocational
D:2:      layout_loops_ring
D:3:      layout_basic, nicolae_overflow_squiral, mainiacjoe_overflow_catwalk,
          serial_shops, nicolae_shop_statue_plus, dreamdust_princess_corridor,
          uniq_ijyb

Skill      XL: |  1  2  3  4 |
---------------+-------------+-----
Spellcasting   | 4 5 6 |  6.0
Dodging        | |  2.6
Stealth        | |  2.6
Conjurations   | |  1.3
Fire Magic     | |  3.4

Action                     |  1- 3 |  4- 6 || total
---------------------------+-------+-------++-------
  Melee: Unarmed           |     3 |       ||     3
   Cast: Foxfire           |   101 |    17 ||   118
         Scorch            |    11 |     3 ||    14
 Armour: Robe              |     8 |       ||     8
  Dodge: Dodged            |    20 |     4 ||    24

Table legend: (Time is in decaauts)
 A = Elapsed time spent in this place.
 B = Non-inter-level travel time spent in this place.
 C = Inter-level travel time spent in this place.
 D = Time resting spent in this place.
 E = Time spent auto-exploring this place.
 F = Levels seen in this place.
 G = Mean time per level.
                   A        B        C        D        E       F      G
               +--------+--------+--------+--------+--------+-----+--------+
         Total |   2565 |   2518 |     47 |     49 |   2086 |   3 |  855.0 |
       Dungeon |   2565 |   2518 |     47 |     49 |   2086 |   3 |  855.0 |
               +--------+--------+--------+--------+--------+-----+--------+

Top non-repeatable levels by time:
     D:1: 1302 daAuts
     D:2: 1250 daAuts
     D:3: 11 daAuts
